[Event "ICC tourney 2516 (60 10)"]
[Site "Internet Chess Club"]
[Date "2021.04.17"]
[Round "3"]
[White "LI, ANTHONY:AnthonyLi2017"]
[Black "CHAN, HANNAH:hannahchan"]
[Result "1-0"]
[ICCResult "Black checkmated"]
[WhiteElo "682"]
[BlackElo "947"]
[Opening "King's Indian: orthodox, Aronin-Taimanov, 9.Ne1"]
[ECO "E98"]
[NIC "KI.03"]
[Time "16:30:40"]
[PlyCount "105"]
[TimeControl "3600+10"]

1. d4 Nf6 2. c4 g6 3. Nc3 Bg7 4. e4 d6 5. Nf3 O-O 6. Be2 e5 7. O-O Nc6 8.
d5 Ne7 9. Ne1 Nd7 10. a4 f5 11. exf5 gxf5 12. Bd3 Ng6 13. Qc2 Qf6 14. Nf3
e4 15. Nxe4 fxe4 16. Bxe4 Nc5 17. Be3 Nd7 18. Bd4 Qf7 19. Ng5 Qe7 20. Bxg7
Qxg7 21. Ne6 Qf7 22. Nxf8 Ngxf8 23. Rfe1 Nf6 24. Bf5 N6d7 25. Be6 Nxe6 26.
dxe6 Qg7 27. e7 Nf6 28. e8=Q+ Nxe8 29. Rxe8+ Kf7 30. Rae1 Bh3 31. R8e7+ Kf6
32. Rxg7 Kxg7 33. gxh3 Rf8 34. Re7+ Kf6 35. Qe4 Rg8+ 36. Kh1 Kg5 37. h4+
Kh6 38. Qf4+ Kg6 39. Qf7+ Kh6 40. Re6+ Rg6 41. Rxg6+ hxg6 42. Qg8 Kh5 43.
Qh7+ Kg4 44. h3+ Kf3 45. Qxg6 Kf4 46. h5 Ke5 47. h6 Kd4 48. h7 Kc5 49. h8=Q
Kb6 50. Qd4+ c5 51. Qgxd6+ Ka5 52. Q4xc5+ Kxa4 53. Qb4# { Black checkmated
} 1-0

[Event "ICC tourney 2516 (60 10)"]
[Site "Internet Chess Club"]
[Date "2021.04.17"]
[Round "3"]
[White "RAJENDRAN, ISHAAN:ArtMan2030"]
[Black "JING, ANDREW:andrewj508"]
[Result "0-1"]
[ICCResult "White checkmated"]
[WhiteElo "1148"]
[BlackElo "1325"]
[Opening "Queen's pawn: London system"]
[ECO "A45"]
[NIC "QP.07"]
[Time "16:30:50"]
[PlyCount "184"]
[TimeControl "3600+10"]

1. d4 Nf6 2. Bf4 d5 3. e3 c5 4. Nc3 Nc6 5. Nb5 e5 6. dxe5 a6 7. exf6 axb5
8. Bxb5 Qa5+ 9. c3 Qxb5 10. b3 Be6 11. Nf3 gxf6 12. Qd2 Be7 13. Rd1 Rd8 14.
Bc7 Rd7 15. Bf4 Rg8 16. Bg3 Qb6 17. Qc2 f5 18. O-O h5 19. c4 d4 20. exd4
Nxd4 21. Nxd4 Rxd4 22. Rxd4 cxd4 23. Qd3 Qc6 24. f3 h4 25. Be5 Bc5 26. Bxd4
Qd6 27. Rd1 Bxd4+ 28. Qxd4 Qc7 29. Qxh4 Qb8 30. c5 Qc7 31. Kh1 Qe7 32. Qd4
Qg5 33. Rd2 Qe7 34. Rd1 Qc7 35. Qa4+ Kf8 36. Qh4 Ke8 37. Qa4+ Qc6 38. Qh4
Qc7 39. Qd4 Qd7 40. Qg1 Qe7 41. Qd4 Kf8 42. Qd8+ Qxd8 43. Rxd8+ Kg7 44.
Rxg8+ Kxg8 45. Kg1 Kf8 46. Kf2 Ke7 47. Ke3 Kd7 48. Kd4 Kc6 49. h4 f6 50. h5
Bg8 51. g4 fxg4 52. fxg4 Bh7 53. Kc4 Bb1 54. a4 Bc2 55. Kc3 Bh7 56. Kc4
Bg8+ 57. Kc3 Kxc5 58. b4+ Kc6 59. Kd4 Bh7 60. a5 Bb1 61. Kc4 Bh7 62. b5+
Kc7 63. b6+ Kc6 64. Kd4 Kd6 65. h6 Kc6 66. Kc4 f5 67. g5 f4 68. Kd4 Kb5 69.
Kc3 Kxa5 70. Kd2 Kxb6 71. Ke2 Kc5 72. Kf3 b5 73. Kxf4 b4 74. Ke5 b3 75. Kf6
b2 76. g6 b1=Q 77. gxh7 Qxh7 78. Kg5 Kd5 79. Kh5 Ke5 80. Kg5 Ke6 81. Kh5
Kf5 82. Kh4 Qxh6+ 83. Kg3 Qd2 84. Kf3 Qd4 85. Kg3 Qe4 86. Kf2 Qd3 87. Kg2
Qe3 88. Kh2 Qf3 89. Kg1 Qe2 90. Kh1 Kg4 91. Kg1 Kg3 92. Kh1 Qf1# { White
checkmated } 0-1

[Event "ICC tourney 2516 (60 10)"]
[Site "Internet Chess Club"]
[Date "2021.04.17"]
[Round "3"]
[White "Cheng, Samuel:Samuel1001"]
[Black "Antonios, Mila:mimiant"]
[Result "1-0"]
[ICCResult "Black checkmated"]
[WhiteElo "724"]
[BlackElo "1023"]
[Opening "French: Rubinstein variation"]
[ECO "C10"]
[NIC "FR.07"]
[Time "16:30:53"]
[PlyCount "67"]
[TimeControl "3600+10"]

1. e4 e6 2. d4 d5 3. Nc3 dxe4 4. Nxe4 Nd7 5. Nf3 Ngf6 6. Bg5 Be7 7. Nxf6+
Nxf6 8. Bd3 O-O 9. O-O b6 10. Re1 Bb7 11. c3 Rc8 12. Qc2 Bxf3 13. Bxf6 Bxf6
14. gxf3 g6 15. Kh1 Qd5 16. Be4 Qh5 17. Rg1 e5 18. dxe5 Bxe5 19. Rg2 Rce8
20. Rag1 Re6 21. Qd2 h6 22. f4 Bd6 23. Bd5 Rf6 24. Rg4 Rf5 25. Rxg6+ Kh8
26. Qd4+ Be5 27. fxe5 fxg6 28. e6+ Kh7 29. Be4 Rf4 30. Qd7+ Kg8 31. Rxg6+
Qxg6 32. Bxg6 R8f6 33. Qh7+ Kf8 34. e7# { Black checkmated } 1-0

[Event "ICC tourney 2516 (60 10)"]
[Site "Internet Chess Club"]
[Date "2021.04.17"]
[Round "3"]
[White "Gaw, Christian:cman-g"]
[Black "DORON-REPA, HILLEL:Hillel-2012"]
[Result "0-1"]
[ICCResult "White checkmated"]
[WhiteElo "738"]
[BlackElo "221"]
[Opening "Sicilian"]
[ECO "B55"]
[NIC "SI.01"]
[Time "16:30:39"]
[PlyCount "130"]
[TimeControl "3600+10"]

1. e4 c5 2. Nf3 d6 3. d4 cxd4 4. Nxd4 Nf6 5. Bd3 Nc6 6. Nxc6 bxc6 7. O-O g6
8. Bf4 Bg7 9. Nc3 e5 10. Be3 O-O 11. Qd2 d5 12. exd5 cxd5 13. Bh6 e4 14.
Bxg7 Kxg7 15. Be2 d4 16. Nb5 Rb8 17. Bc4 Ba6 18. a4 Qd7 19. Qb4 Bxb5 20.
Bxb5 Qd5 21. Rad1 a6 22. Qxd4 Qxd4 23. Rxd4 axb5 24. Rb4 bxa4 25. Rxb8 Rxb8
26. b3 axb3 27. cxb3 Rxb3 28. h3 e3 29. fxe3 Rxe3 30. Kh2 Ne4 31. Rf4 g5
32. Rf5 Kg6 33. Re5 f6 34. Ra5 h5 35. g4 Nf2 36. gxh5+ Kxh5 37. Ra2 Nxh3
38. Kg2 Nf4+ 39. Kf1 Rf3+ 40. Kg1 g4 41. Ra5+ Kh4 42. Rb5 Kg3 43. Rb1 Rf2
44. Rb3+ Rf3 45. Rb1 Nh3+ 46. Kh1 Kf2 47. Rb2+ Ke3 48. Rb3+ Kd4 49. Rb1 g3
50. Rb4+ Kc3 51. Rh4 Ng5 52. Kg1 Kd2 53. Rd4+ Rd3 54. Rf4 Ke2 55. Rxf6 Rd1+
56. Kg2 Rd2 57. Rf4 Ke3+ 58. Kxg3 Ne4+ 59. Kg4 Rg2+ 60. Kh3 Rg3+ 61. Kh4
Kxf4 62. Kh5 Rg4 63. Kh6 Kf5 64. Kh5 Nf6+ 65. Kh6 Rg6# { White checkmated }
0-1

[Event "ICC tourney 2516 (60 10)"]
[Site "Internet Chess Club"]
[Date "2021.04.17"]
[Round "3"]
[White "YUEN, DAISY:littleknightie"]
[Black "WEYMAN, GRANT A:grantwey"]
[Result "1/2-1/2"]
[ICCResult "Game drawn by repetition"]
[WhiteElo "990"]
[BlackElo "669"]
[Opening "King's pawn game"]
[ECO "C50"]
[NIC "IG.03"]
[Time "16:30:42"]
[PlyCount "108"]
[TimeControl "3600+10"]

1. e4 e5 2. Nf3 Nc6 3. Bc4 h6 4. c3 Nf6 5. d4 exd4 6. cxd4 Nxe4 7. Qe2 d5
8. Bd3 Bf5 9. Nc3 Bb4 10. O-O Bxc3 11. bxc3 O-O 12. Qc2 Re8 13. Bf4 Bd7 14.
Rae1 Nf6 15. Rxe8+ Bxe8 16. Nh4 Nh5 17. Bg3 Nf6 18. Nf5 Bd7 19. Qe2 a6 20.
Qf3 Be6 21. Bh4 Na5 22. Qg3 Bxf5 23. Bxf5 Nc4 24. Qd3 Nd6 25. Bh7+ Kh8 26.
Bf5 Nde8 27. Re1 Qd6 28. Qe3 Rd8 29. h3 c6 30. Bg3 Qf8 31. Bh4 g6 32. Bd3
Kg7 33. Bg3 Nd6 34. Bf4 g5 35. Be5 Ne8 36. Qf3 Rd7 37. Qg3 Qa3 38. h4 Qxc3
39. hxg5 Qxe1+ 40. Kh2 Re7 41. gxf6+ Kf8 42. fxe7+ Kxe7 43. Qh4+ f6 44. Bg6
Qe2 45. Bxe8 Kxe8 46. Qxf6 Qh5+ 47. Kg1 Qd1+ 48. Kh2 Qh5+ 49. Kg1 Qd1+ 50.
Kh2 Qh5+ 51. Kg1 Qd1+ 52. Kh2 Qh5+ 53. Kg1 Qd1+ 54. Kh2 Qh5+ { Game drawn
by repetition } 1/2-1/2

[Event "ICC tourney 2516 (60 10)"]
[Site "Internet Chess Club"]
[Date "2021.04.17"]
[Round "3"]
[White "Han, Leqi:LH2013"]
[Black "LIAO, CONNOR:che2468"]
[Result "1-0"]
[ICCResult "Black checkmated"]
[WhiteElo "1219"]
[BlackElo "1488"]
[Opening "QGD Slav defense: exchange variation"]
[ECO "D10"]
[NIC "SL.01"]
[Time "16:30:52"]
[PlyCount "83"]
[TimeControl "3600+10"]

1. d4 d5 2. c4 c6 3. cxd5 cxd5 4. Bf4 Nf6 5. Nf3 Nc6 6. e3 Bf5 7. Bb5 Bxb1
8. Bxc6+ bxc6 9. Rxb1 e6 10. O-O Bd6 11. Bg5 O-O 12. Rc1 Rc8 13. Qa4 Qb6
14. Bxf6 gxf6 15. Qc2 c5 16. Qe2 cxd4 17. Nxd4 Be5 18. Qg4+ Kh8 19. Nf3
Rxc1 20. Rxc1 Qxb2 21. Rf1 Rg8 22. Qa4 Qb6 23. Qd7 Qc7 24. Nxe5 Qxe5 25.
Qxf7 a5 26. a4 f5 27. g3 Qd6 28. Rc1 Rb8 29. Rc7 Qxc7 30. Qxc7 Ra8 31. Qe5+
Kg8 32. Qxe6+ Kg7 33. Qxd5 Rf8 34. Qxa5 Kg6 35. Qb6+ Kg5 36. a5 h5 37. h4+
Kg4 38. Qb4+ Kh3 39. Qxf8 Kg4 40. a6 f4 41. Qxf4+ Kh3 42. Qf5# { Black
checkmated } 1-0

[Event "ICC tourney 2516 (60 10)"]
[Site "Internet Chess Club"]
[Date "2021.04.17"]
[Round "3"]
[White "Bartolini, Christian Joseph:Ninjastar16"]
[Black "AMBA, ADVAITH:advichess"]
[Result "0-1"]
[ICCResult "White resigns"]
[WhiteElo "1258"]
[BlackElo "859"]
[Opening "Scotch: Blumenfeld attack"]
[ECO "C45"]
[NIC "SO.05"]
[Time "16:30:45"]
[PlyCount "88"]
[TimeControl "3600+10"]

1. e4 e5 2. Nf3 Nc6 3. d4 exd4 4. Nxd4 Bc5 5. Be3 Qf6 6. Nb5 Bxe3 7. fxe3
Qe5 8. N1c3 a6 9. Nd4 Nf6 10. Nxc6 bxc6 11. Bd3 d5 12. Qf3 Bg4 13. Qf4 Qxf4
14. exf4 d4 15. Ne2 Bxe2 16. Bxe2 Nxe4 17. Bf3 f5 18. O-O-O O-O-O 19. Rhe1
Rhe8 20. Bxe4 fxe4 21. Kd2 c5 22. c3 Kb7 23. Kc2 d3+ 24. Kd2 Kc6 25. Ke3 c4
26. f5 Kd5 27. Kf4 a5 28. Re3 a4 29. a3 c5 30. g4 h6 31. h4 Re7 32. Kg3 Ke5
33. Rd2 Rf8 34. Rf2 Rd7 35. Rd2 Rfd8 36. Re1 Rb7 37. Kf2 Rdb8 38. Rb1 Kf4
39. Kg2 Kxg4 40. Rf2 e3 41. Rf3 Rxb2+ 42. Rxb2 Rxb2+ 43. Rf2 Rxf2+ 44. Kg1
d2 { White resigns } 0-1

[Event "ICC tourney 2516 (60 10)"]
[Site "Internet Chess Club"]
[Date "2021.04.17"]
[Round "3"]
[White "Konzelmann, Lucas Joseph:Lkonzelmann"]
[Black "Peng, Terence:terecepps11"]
[Result "1/2-1/2"]
[ICCResult "Game drawn by repetition"]
[WhiteElo "751"]
[BlackElo "496"]
[Opening "Vienna: Falkbeer variation"]
[ECO "C26"]
[NIC "VG.04"]
[Time "16:30:56"]
[PlyCount "145"]
[TimeControl "3600+10"]

1. e4 e5 2. Nc3 Nf6 3. h3 Bc5 4. Nf3 Nc6 5. d3 O-O 6. Bg5 h6 7. Bxf6 Qxf6
8. Nd5 Qd8 9. a3 d6 10. Be2 a5 11. O-O Be6 12. c4 Bxd5 13. cxd5 Ne7 14. Qd2
Ng6 15. Rac1 Nf4 16. Rfe1 Qf6 17. Kh2 Bxf2 18. Rf1 Bc5 19. g3 Nh5 20. Nh4
Qg5 21. Qxg5 hxg5 22. Bxh5 gxh4 23. gxh4 Be3 24. Rcd1 Bf4+ 25. Kg2 Ra6 26.
Rf2 Rb6 27. Bg4 Be3 28. Re2 Bf4 29. Kf3 c6 30. dxc6 bxc6 31. d4 Rb3+ 32.
Kg2 Rg3+ 33. Kf2 Rb8 34. dxe5 Bxe5 35. h5 Bf4 36. Rg1 Rbb3 37. Rxg3 Bxg3+
38. Kg2 c5 39. Bf5 Bh4 40. e5 dxe5 41. Rxe5 Rxb2+ 42. Kf3 Rf2+ 43. Kg4 f6
44. Rxc5 Bg5 45. Bg6 Rf4+ 46. Kg3 Kf8 47. Rxa5 Rc4 48. Ra8+ Ke7 49. Ra7+
Kd6 50. Rxg7 Rc3+ 51. Kf2 Rxa3 52. h4 Bxh4+ 53. Kg2 Bg5 54. Bf7 Ra7 55. h6
Bxh6 56. Rg6 Bg5 57. Bb3 Rb7 58. Bg8 Ke5 59. Bc4 Rb2+ 60. Kf3 Rc2 61. Be2
Rc3+ 62. Kf2 Kf5 63. Rg8 Bh4+ 64. Kg1 Rc1+ 65. Kg2 Rc2 66. Kf1 Rc1+ 67. Kg2
Rc2 68. Kf1 Rc1+ 69. Kg2 Rc2 70. Kf1 Rc1+ 71. Kg2 Rc2 72. Kf1 Rc1+ 73. Kg2
{ Game drawn by repetition } 1/2-1/2

[Event "ICC tourney 2516 (60 10)"]
[Site "Internet Chess Club"]
[Date "2021.04.17"]
[Round "3"]
[White "Kuruvilla, Joshua Varughese:joshuakps77"]
[Black "GUTTMAN, JACK MAVERICK:Bg71"]
[Result "0-1"]
[ICCResult "White checkmated"]
[WhiteElo "997"]
[BlackElo "1309"]
[Opening "Caro-Kann: two knights variation"]
[ECO "B11"]
[NIC "CK.01"]
[Time "16:30:34"]
[PlyCount "104"]
[TimeControl "3600+10"]

1. e4 c6 2. Nc3 d5 3. Nf3 dxe4 4. Nxe4 Nf6 5. Nxf6+ exf6 6. Bc4 Bg4 7. O-O
Bd6 8. Re1+ Be7 9. h3 Bh5 10. d3 O-O 11. Bf4 Bc5 12. d4 Bxf3 13. Qxf3 Qxd4
14. Bb3 Qb4 15. c3 Qb6 16. Bc4 a5 17. a3 Nd7 18. b4 axb4 19. cxb4 Ne5 20.
Bxe5 fxe5 21. bxc5 Qxc5 22. Rec1 Qe7 23. Re1 g6 24. Qe3 Rfe8 25. Re2 Kg7
26. f4 Ra5 27. Qg3 Qc5+ 28. Kh1 Qxc4 29. Ree1 exf4 30. Qf2 Rxe1+ 31. Qxe1
Rc5 32. Qf2 Qc3 33. Rd1 g5 34. a4 f6 35. Rd7+ Kg6 36. Qe2 Re5 37. Qf2 Qc1+
38. Kh2 Re1 39. Qxe1 Qxe1 40. Rd3 Qf1 41. Rf3 Qe2 42. a5 Kf5 43. Ra3 Qb2
44. Rf3 h5 45. Rd3 Qc2 46. Rb3 Qxb3 47. g4+ hxg4 48. hxg4+ Kxg4 49. a6 bxa6
50. Kg2 f3+ 51. Kf2 Qc2+ 52. Kg1 Qg2# { White checkmated } 0-1

[Event "ICC tourney 2516 (60 10)"]
[Site "Internet Chess Club"]
[Date "2021.04.17"]
[Round "3"]
[White "Krishnan, Anish:AnishKrishnan"]
[Black "FISCHBEIN, LUCA DAVID:lucachesschess"]
[Result "1-0"]
[ICCResult "Black checkmated"]
[WhiteElo "1195"]
[BlackElo "1409"]
[Opening "Queen's pawn: London system"]
[ECO "A45"]
[NIC "QP.07"]
[Time "16:30:41"]
[PlyCount "97"]
[TimeControl "3600+10"]

1. d4 Nf6 2. Bf4 d5 3. e3 Nc6 4. Nf3 Bf5 5. c4 e6 6. a3 Bd6 7. Bg3 O-O 8.
Bxd6 Qxd6 9. Nc3 a6 10. c5 Qd7 11. Be2 Ne4 12. Rc1 Rfe8 13. b4 Qe7 14. O-O
Ng5 15. Re1 Nxf3+ 16. Bxf3 Qg5 17. Ne2 Ne7 18. Ng3 Ng6 19. c6 b6 20. a4 Nh4
21. h3 e5 22. e4 dxe4 23. Nxe4 Bxe4 24. Bxe4 exd4 25. Qxd4 Rad8 26. Qe3 Qe5
27. Bxh7+ Kxh7 28. Qxe5 Rxe5 29. Rxe5 Rd4 30. Rb1 Kg6 31. Re7 a5 32. bxa5
bxa5 33. Rxc7 Rxa4 34. Rc1 Rb4 35. Ra7 Rb8 36. c7 Rc8 37. Rb7 Nf5 38. Rb8
Ne7 39. Rxc8 Nxc8 40. Rd1 a4 41. Rd8 a3 42. Rxc8 a2 43. Ra8 a1=Q+ 44. Rxa1
Kf6 45. c8=Q Kg6 46. Ra6+ Kh7 47. Qf5+ g6 48. Qxf7+ Kh6 49. Qxg6# { Black
checkmated } 1-0

[Event "ICC tourney 2516 (60 10)"]
[Site "Internet Chess Club"]
[Date "2021.04.17"]
[Round "3"]
[White "BOSE, SIDDHARTH:siddharthbose"]
[Black "MORDANI, AADIT:ironman31"]
[Result "0-1"]
[ICCResult "White checkmated"]
[WhiteElo "1236"]
[BlackElo "1123"]
[Opening "Scandinavian defense"]
[ECO "B01"]
[NIC "SD.03"]
[Time "16:30:54"]
[PlyCount "148"]
[TimeControl "3600+10"]

1. e4 d5 2. exd5 Nf6 3. d4 Bg4 4. Nf3 Qxd5 5. Nc3 Qh5 6. Be2 Nc6 7. Bb5 e6
8. Bf4 Bb4 9. O-O Bxc3 10. bxc3 Qxb5 11. Rb1 Qh5 12. Rxb7 Bxf3 13. Qxf3
Qxf3 14. gxf3 Nd5 15. Bd2 Rb8 16. Rxb8+ Nxb8 17. Rb1 Kd7 18. c4 Nb6 19. c5
Nd5 20. c4 Nf6 21. Rb7 Nc6 22. Bf4 Rc8 23. Be5 Nxe5 24. dxe5 Nh5 25. Rxa7
Kc6 26. Ra5 Rd8 27. Kf1 Nf4 28. Ke1 Nd3+ 29. Ke2 Nxe5 30. Rb5 Rd3 31. f4
Ra3 32. fxe5 Rxa2+ 33. Ke3 Rc2 34. Rb8 Rxc4 35. Rf8 Rxc5 36. f4 Rc3+ 37.
Kd4 Rh3 38. Rxf7 Rxh2 39. Rxg7 h5 40. Rg6 Kd7 41. Rg7+ Kc6 42. Re7 h4 43.
Rxe6+ Kd7 44. Rh6 h3 45. f5 Rh1 46. e6+ Kd6 47. Rh7 h2 48. Rd7+ Kc6 49. Rh7
Rd1+ 50. Ke5 h1=Q 51. Rxh1 Rxh1 52. f6 Rh5+ 53. Kf4 Kd6 54. e7 Kd7 55. Kg4
Ra5 56. Kf4 c5 57. Ke4 c4 58. Kd4 Rf5 59. Kxc4 Rxf6 60. e8=Q+ Kxe8 61. Kd5
Ke7 62. Ke5 Kf7 63. Kd5 Re6 64. Kc5 Ke7 65. Kb5 Kd7 66. Ka5 Rc6 67. Kb5 Kd6
68. Ka5 Kc5 69. Ka4 Rb6 70. Ka5 Kc6 71. Ka4 Kc5 72. Ka5 Re6 73. Ka4 Re3 74.
Ka5 Ra3# { White checkmated } 0-1

[Event "ICC tourney 2516 (60 10)"]
[Site "Internet Chess Club"]
[Date "2021.04.17"]
[Round "3"]
[White "WANG, CONNOR JUNDA:czw1"]
[Black "XIE, KEVIN:kevinxps10"]
[Result "1-0"]
[ICCResult "Black checkmated"]
[WhiteElo "1359"]
[BlackElo "1081"]
[Opening "Scotch: Potter variation"]
[ECO "C45"]
[NIC "SO.05"]
[Time "16:30:36"]
[PlyCount "59"]
[TimeControl "3600+10"]

1. e4 e5 2. Nf3 Nc6 3. d4 exd4 4. Nxd4 Bc5 5. Nb3 Bb6 6. Nc3 Nf6 7. Qe2 Qe7
8. Bg5 Qe6 9. O-O-O O-O 10. h4 Ng4 11. Be3 Nxe3 12. fxe3 Qh6 13. Nd5 d6 14.
Nxb6 cxb6 15. Kb1 f5 16. exf5 Bxf5 17. e4 Rfe8 18. Qc4+ Be6 19. Qc3 Bxb3
20. axb3 Rxe4 21. Bc4+ Kh8 22. Bd5 Ree8 23. Bxc6 Rec8 24. Qf3 Rxc6 25. Rhf1
Rg8 26. Qf7 Qxh4 27. Rh1 Qe4 28. Rd3 Qxg2 29. Rxh7+ Kxh7 30. Qh5# { Black
checkmated } 1-0

[Event "ICC tourney 2516 (60 10)"]
[Site "Internet Chess Club"]
[Date "2021.04.17"]
[Round "3"]
[White "Wong, Kai Hei:kaiw49"]
[Black "SINHA, TANISHI:NYCchesskid"]
[Result "1-0"]
[ICCResult "Black checkmated"]
[WhiteElo "917"]
[BlackElo "625"]
[Opening "Giuoco Pianissimo: Italian four knights variation"]
[ECO "C50"]
[NIC "IG.02"]
[Time "16:30:50"]
[PlyCount "107"]
[TimeControl "3600+10"]

1. e4 e5 2. Nf3 Nc6 3. Bc4 Bc5 4. Nc3 Nf6 5. d3 h6 6. Be3 Bxe3 7. fxe3 O-O
8. O-O d6 9. d4 Bg4 10. h3 Bh5 11. d5 Ne7 12. Qd2 Qd7 13. Ne1 Rad8 14. a3
Rfe8 15. b4 c6 16. a4 c5 17. bxc5 dxc5 18. Bb5 Qd6 19. Bxe8 Rxe8 20. Nb5
Qd7 21. d6 Nc6 22. Rd1 Rd8 23. Nf3 Nxe4 24. Qe1 a6 25. Nc3 Nxc3 26. Qxc3 e4
27. Qxc5 exf3 28. Qxh5 fxg2 29. Kxg2 Qe6 30. Qf3 Qg6+ 31. Kh1 Ne5 32. Qg2
Qe6 33. Rg1 Ng6 34. Qg4 Qxe3 35. d7 Qf2 36. Rg2 Qe3 37. Re2 Qc5 38. Re8+
Kh7 39. Rxd8 Qc6+ 40. Qg2 Qxg2+ 41. Kxg2 Nf4+ 42. Kf3 Ne6 43. Re8 Nd4+ 44.
Rxd4 g5 45. d8=Q Kg6 46. Rg8+ Kf5 47. Qd5+ Kf6 48. Qd8+ Ke6 49. Re8+ Kf5
50. Qd5+ Kg6 51. Qe5 Kh5 52. Qf5 b5 53. Rg8 a5 54. Qg4# { Black checkmated
} 1-0

[Event "ICC tourney 2516 (60 10)"]
[Site "Internet Chess Club"]
[Date "2021.04.17"]
[Round "3"]
[White "ASSELTA, SCARLETT:SRA0612"]
[Black "Deng, Michael:MichaelDeng1224"]
[Result "1-0"]
[ICCResult "Black checkmated"]
[WhiteElo "859"]
[BlackElo "1080"]
[Opening "Scotch: Schmidt variation"]
[ECO "C45"]
[NIC "SO.04"]
[Time "16:31:07"]
[PlyCount "141"]
[TimeControl "3600+10"]

1. e4 e5 2. Nf3 Nc6 3. d4 exd4 4. Nxd4 Nf6 5. Nc3 Bb4 6. Qd3 O-O 7. Bd2 Re8
8. f3 d5 9. O-O-O dxe4 10. Nxc6 exd3 11. Nxd8 dxc2 12. Kxc2 Rxd8 13. Bg5
Rxd1 14. Nxd1 Bf5+ 15. Kc1 Rd8 16. g4 Bg6 17. Be2 Rd5 18. Be3 Bc5 19. Bc4
Bxe3+ 20. Nxe3 Rc5 21. Rd1 h6 22. b4 Rc6 23. Kb2 Rb6 24. a3 c5 25. Kb3 cxb4
26. axb4 Rc6 27. h4 h5 28. g5 Ne8 29. Rd8 Kf8 30. Bb5 Re6 31. Nd5 f6 32.
gxf6 gxf6 33. Ka4 f5 34. Nf4 Rf6 35. Nxg6+ Rxg6 36. Rxe8+ Kf7 37. Rb8 Rb6
38. Be8+ Ke7 39. Bxh5 Ra6+ 40. Kb3 Rb6 41. Re8+ Kf6 42. Rf8+ Kg7 43. Rxf5
a6 44. Rg5+ Kh6 45. Rg6+ Rxg6 46. Bxg6 Kxg6 47. Kc4 Kh5 48. Kc5 Kxh4 49.
Kb6 Kg3 50. Kxb7 Kxf3 51. Kxa6 Ke4 52. b5 Kd5 53. b6 Kc6 54. b7 Kc7 55. Ka7
Kc6 56. b8=Q Kd7 57. Kb6 Ke6 58. Qd8 Kf7 59. Kc6 Ke6 60. Qe8+ Kf5 61. Kd5
Kf4 62. Kd4 Kf5 63. Qe5+ Kg4 64. Ke4 Kh3 65. Qg5 Kh2 66. Qe3 Kg2 67. Kf4
Kf1 68. Qd2 Kg1 69. Qe2 Kh1 70. Kg3 Kg1 71. Qg2# { Black checkmated } 1-0

[Event "ICC tourney 2516 (60 10)"]
[Site "Internet Chess Club"]
[Date "2021.04.17"]
[Round "3"]
[White "SEN, SAMANT ROBERT:srsmv"]
[Black "AYYAPPAN, SANTHOSH:SanthoshA"]
[Result "0-1"]
[ICCResult "White checkmated"]
[WhiteElo "1223"]
[BlackElo "1661"]
[Opening "Ruy Lopez: closed defense"]
[ECO "C84"]
[NIC "RL.13"]
[Time "16:31:15"]
[PlyCount "104"]
[TimeControl "3600+10"]

1. e4 e5 2. Nf3 Nc6 3. Bb5 a6 4. Ba4 Nf6 5. O-O Be7 6. d3 b5 7. Bb3 d6 8.
h3 O-O 9. Nc3 Na5 10. Be3 c5 11. Bd5 Nxd5 12. Nxd5 Be6 13. Nxe7+ Qxe7 14.
c3 Nc6 15. d4 cxd4 16. cxd4 Bd7 17. dxe5 dxe5 18. Rc1 Rfd8 19. Qb3 h6 20.
Rfd1 Kh7 21. Bc5 Qe8 22. Bd6 f6 23. Nh4 Nd4 24. Qe3 Qh5 25. Nf3 Nxf3+ 26.
Qxf3 Qxf3 27. gxf3 Bxh3 28. Kh2 Be6 29. a3 Rac8 30. Rxc8 Rxc8 31. Rd2 Kg6
32. Kg3 Kf7 33. Kh4 g5+ 34. Kg3 h5 35. Bb4 Rc6 36. Bc3 Kg6 37. Rd1 h4+ 38.
Kh2 Kh5 39. Rg1 Rd6 40. Kg2 Rd3 41. Rh1 h3+ 42. Kg3 Bg4 43. Re1 Rxf3+ 44.
Kh2 Rxf2+ 45. Kg1 Rg2+ 46. Kh1 Bf3 47. Re3 g4 48. Bb4 Re2+ 49. Kg1 Rxe3 50.
Kf1 h2 51. Kf2 Re2+ 52. Kg3 Rg2# { White checkmated } 0-1

[Event "ICC tourney 2516 (60 10)"]
[Site "Internet Chess Club"]
[Date "2021.04.17"]
[Round "3"]
[White "TIPPA, ASWATH SRISAI:IGMin2023"]
[Black "FERRAZZA, JOHN K:johnfza"]
[Result "1-0"]
[ICCResult "Black checkmated"]
[WhiteElo "865"]
[BlackElo "901"]
[Opening "Sicilian defense"]
[ECO "B33"]
[NIC "SI.34"]
[Time "16:30:58"]
[PlyCount "151"]
[TimeControl "3600+10"]

1. e4 c5 2. Nf3 Nc6 3. d4 cxd4 4. Nxd4 Nf6 5. Nc3 g6 6. Bc4 Bg7 7. O-O O-O
8. Nxc6 dxc6 9. Qe2 b5 10. Rd1 Qa5 11. Bb3 Bg4 12. f3 Bd7 13. Bd2 b4 14.
Nb1 Rac8 15. a3 c5 16. Be1 Bb5 17. Bc4 Bxc4 18. Qxc4 Rfd8 19. Rc1 Rd4 20.
Qe2 Rcd8 21. c3 Rd3 22. cxb4 cxb4 23. Bxb4 Qb6+ 24. Kf1 Qe3 25. Qc2 Qxc1+
26. Qxc1 Rd1+ 27. Qxd1 Rxd1+ 28. Ke2 Rg1 29. Kf2 Rc1 30. Bxe7 Rc2+ 31. Kg3
Rxb2 32. Kh3 Rb3 33. e5 Nd5 34. Bd6 Nf4+ 35. Kg3 g5 36. Nd2 Rb6 37. Rb1 Ra6
38. Rb8+ Bf8 39. Bxf8 h5 40. Bh6+ Kh7 41. Bxg5 Ng6 42. Bf6 Rxa3 43. Ne4 Ra4
44. Bg5 Nxe5 45. Nf6+ Kg6 46. h4 Ra6 47. Nd5 Nd7 48. Rd8 Rd6 49. Ne3 f6 50.
Bf4 Rd4 51. Nc2 Rd5 52. Nb4 Rd4 53. Nc6 Rd5 54. Ne7+ Kf7 55. Nxd5 Ke6 56.
Nc7+ Ke7 57. Ra8 Nb6 58. Rxa7 Kd7 59. Nd5+ Kc6 60. Nxb6 Kxb6 61. Rd7 Kc6
62. Rd2 Kc5 63. Be3+ Kc6 64. Kf4 Kb5 65. Kf5 Kc4 66. Kxf6 Kc3 67. f4 Kc4
68. f5 Kc3 69. Ke6 Kc4 70. f6 Kc3 71. f7 Kc4 72. f8=Q Kc3 73. Qc5+ Kb3 74.
Qc2+ Kb4 75. Rd4+ Ka3 76. Bc1# { Black checkmated } 1-0

[Event "ICC tourney 2516 (60 10)"]
[Site "Internet Chess Club"]
[Date "2021.04.18"]
[Round "4"]
[White "ZHANG, MOHAN:momozhang"]
[Black "PRYYMAK, DAVID:SABHDavidP"]
[Result "1-0"]
[ICCResult "Black checkmated"]
[WhiteElo "824"]
[BlackElo "206"]
[Opening "French defense"]
[ECO "C00"]
[NIC "FR.01"]
[Time "10:01:22"]
[PlyCount "41"]
[TimeControl "3600+10"]

1. e4 e6 2. Nc3 Bc5 3. d4 Bd6 4. Nf3 Nf6 5. Bc4 Nc6 6. Bg5 h6 7. Be3 Nxd4
8. Nxd4 O-O 9. O-O Nxe4 10. Nxe4 Qh4 11. Nf3 Qh5 12. g3 c5 13. Be2 b6 14.
Nh4 Ba6 15. Bxh5 g6 16. Bxh6 Rfe8 17. Nf6+ Kh8 18. Nxe8 Rxe8 19. Qf3 Bxf1
20. Qf6+ Kg8 21. Qg7# { Black checkmated } 1-0

[Event "ICC tourney 2516 (60 10)"]
[Site "Internet Chess Club"]
[Date "2021.04.18"]
[Round "4"]
[White "FERRAZZA, JOHN K:johnfza"]
[Black "Konzelmann, Lucas Joseph:Lkonzelmann"]
[Result "1-0"]
[ICCResult "Black checkmated"]
[WhiteElo "901"]
[BlackElo "751"]
[Opening "King's pawn game"]
[ECO "C50"]
[NIC "IG.03"]
[Time "10:00:41"]
[PlyCount "47"]
[TimeControl "3600+10"]

1. e4 e5 2. Nf3 Nc6 3. Bc4 h6 4. O-O Bc5 5. Nc3 Nf6 6. a3 a6 7. b4 Ba7 8.
Nd5 O-O 9. Bb2 d6 10. h3 b5 11. Bb3 Bb7 12. Re1 Nd4 13. Ba2 Re8 14. c4 bxc4
15. Bxc4 c6 16. Nc3 d5 17. Ba2 dxe4 18. Nxe4 Nxf3+ 19. Qxf3 Nxe4 20. Qxf7+
Kh8 21. Rxe4 Qxd2 22. Bxe5 Qe1+ 23. Raxe1 Rf8 24. Qxg7# { Black checkmated
} 1-0

[Event "ICC tourney 2516 (60 10)"]
[Site "Internet Chess Club"]
[Date "2021.04.18"]
[Round "4"]
[White "BADAWI, JUDE:Judebestgm"]
[Black "NEMIROFF, SAMUEL:liznemiroff"]
[Result "0-1"]
[ICCResult "White checkmated"]
[WhiteElo "732"]
[BlackElo "1065"]
[Opening "Sicilian: Hungarian variation"]
[ECO "B34"]
[NIC "SI.43"]
[Time "10:00:42"]
[PlyCount "94"]
[TimeControl "3600+10"]

1. e4 c5 2. Nf3 g6 3. Nc3 Bg7 4. d4 cxd4 5. Nxd4 Nc6 6. Nxc6 bxc6 7. Bc4 d6
8. Bf4 Nf6 9. e5 Nh5 10. Bg3 Nxg3 11. fxg3 Bxe5 12. O-O O-O 13. Qf3 e6 14.
Qxc6 Bd7 15. Qf3 Qb6+ 16. Kh1 Qxb2 17. Ne2 Rab8 18. Bd3 Rb6 19. h3 Bc6 20.
Be4 Bxe4 21. Qxe4 Rb4 22. Qd3 Rfb8 23. a3 R4b6 24. Rfc1 Rc8 25. c4 Rbc6 26.
Rcb1 Qxa1 27. Rxa1 Bxa1 28. Qd1 Be5 29. Qb1 Rxc4 30. g4 Rc2 31. g3 Rxe2 32.
Qf1 Rcc2 33. Qg1 Bxg3 34. Qxg3 Rc1+ 35. Qg1 Rxg1+ 36. Kxg1 Re3 37. Kg2 Rxa3
38. Kh2 Rb3 39. g5 a5 40. h4 a4 41. h5 gxh5 42. g6 hxg6 43. Kg2 a3 44. Kf2
a2 45. Ke2 a1=Q 46. Kd2 Qa2+ 47. Kc1 Rb1# { White checkmated } 0-1